 Dungeon Crawl Stone Soup version 0.27.1-35-g4d5d836560 (webtiles) character file.

Game seed: 8813113580851459277

632 Delamore the Cutter (level 7, -5/45 HPs)
             Began as an Octopode Brigand on May 16, 2022.
             Slain by a hell rat (14 damage)
             ... on level 5 of the Dungeon.
             The game lasted 00:04:43 (5760 turns).

Delamore the Cutter (Octopode Brigand)              Turns: 5760, Time: 00:04:44

Health: -5/45      AC:  1    Str: 10    XL:     7   Next: 49%
Magic:  7/7        EV: 12    Int: 14    God:
Gold:   220        SH:  0    Dex: 15    Spells: 6/6 levels left

rFire    . . .     SeeInvis .   a - +2 dagger
rCold    + + +     Faith    .   (no shield)
rNeg     . . .     Spirit   .   (helmet restricted)
rPois    .         Reflect  .   (no amulet)
rElec    .         Harm     .   m - ring of protection from cold
rCorr    .         Rampage  .   p - ring of protection from cold
Will     .....                  s - ring of protection from cold
Stlth    ++++......             (no ring)
HPRegen  0.15/turn              (no ring)
MPRegen  0.10/turn              (no ring)
                                (no ring)
                                (no ring)

@: no status effects
A: almost no armour, amphibious, 8 rings, camouflage 1, gelatinous body 1,
(nimble swimmer 1), tentacles
a: no special abilities


You were on level 5 of the Dungeon.
You visited 1 branch of the dungeon, and saw 5 of its levels.

You collected 220 gold pieces.

Inventory:

Hand Weapons
 a - a +2 dagger (weapon)
Missiles
 b - 26 poisoned darts
 k - 105 stones
 t - 9 boomerangs (quivered)
 y - a curare-tipped dart
Jewellery
 m - a ring of protection from cold (left tentacle)
 p - a ring of protection from cold (right tentacle)
 s - a ring of protection from cold (on tentacle)
Wands
 w - a wand of iceblast (9)
Scrolls
 c - a scroll of blinking {unknown}
 g - 3 scrolls of fog
 i - 2 scrolls of teleportation
 n - a scroll of enchant armour {unknown}
 q - 2 scrolls of torment
 r - 2 scrolls of amnesia
 v - a scroll of noise {unknown}
 x - a scroll of enchant weapon {unknown}
Potions
 d - 2 potions of heal wounds
 e - a potion of might {unknown}
 f - 2 potions of attraction {unknown}
 h - a potion of lignification {unknown}
 j - 2 potions of curing {unknown}
 l - a potion of haste {unknown}
 o - 3 potions of mutation {unknown}
 u - a potion of invisibility {unknown}


   Skills:
 - Level 2.0 Fighting
 * Level 6.7 Short Blades
 + Level 4.8 Throwing
 - Level 1.0 Dodging
 - Level 5.3 Stealth


You had 6 spell levels left.
You didn't know any spells.
Your spell library was empty.

Dungeon Overview and Level Annotations

Branches:
Dungeon (5/15)
 Temple: D:4-7

Altars:

Shops:
D:3 [


Innate Abilities, Weirdness & Mutations

You cannot wear most types of armour.
You are amphibious.
You can wear up to eight rings at the same time.
Your skin changes colour to match your surroundings (Stealth+).
Your rubbery body absorbs attacks. (AC +1, EV +1)
((You are camouflaged near water. (Stealth+)))
You have tentacles for arms and can constrict up to eight enemies at once.


Message History

You hit the hell rat but do no damage. Your grab misses the hell rat.
Your squeeze misses the hell rat.
The hell rat twitches its whiskers.
A hell rat comes into view.
You barely miss the hell rat. Your grab misses the hell rat.
The hell rat bites you.
You feel drained.
You hit the hell rat. Your grab misses the hell rat. You squeeze the hell rat.
The hell rat is moderately wounded.
The river rat twitches its whiskers.
The hell rat bites you!!
You hit the hell rat. Your grab misses the hell rat.
The hell rat is heavily wounded.
The hell rat barely misses you.
You hit the hell rat but do no damage. Your grab misses the hell rat.
The hell rat is heavily wounded.
You hit the hell rat but do no damage. You grab the hell rat.
The hell rat is heavily wounded.
You constrict the hell rat, but do no damage.
The hell rat closely misses you.
You hit the hell rat. You squeeze the hell rat.
The hell rat is almost dead.
You constrict the hell rat, but do no damage.
The hell rat misses you.
You hit the hell rat but do no damage.
The hell rat is almost dead.
You constrict the hell rat.
You kill the hell rat!
A hell rat comes into view.
Your life force feels restored.
You hit the hell rat but do no damage. Your grab misses the hell rat.
The hell rat barely misses you.
You closely miss the hell rat. You grab the hell rat.
You constrict the hell rat, but do no damage.
A river rat comes into view.
The hell rat bites you!
* * * LOW HITPOINT WARNING * * *
You release your grip on the hell rat.
The river rat twitches its whiskers.
The hell rat bites you!
You die...

##.###.##.##..r
.####.#.#######.# #.#
#.#.##....#..# #.#.......#.#
##.# #.#.#
#rr#.###.#.......... ...#
#.#.## #..#..............
..## #.##.#
#.r#####.###.#..#.
..####.#.## #r.# #.# #.#..##
..)....##.# ##r#
###.###.#..## ..###...#.##
##r# #...........#
......#.##.## #@##
##..###.###.#
......#..##.####.# #..# #.#
#.# ......##..##.##†##
#..###.# #.#
####...##..#.#.## ##......#
#.#
####...###.##.#.#####....####
#.. .. +...#
#..######..)...########' .#
#...#
##.......).)......##.... .#
#...# #.#..............##....
.# #####
#.#.###≈###.<....##....


You could see 2 hell rats and a river rat.

Vanquished Creatures
  2 scorpions (D:4)
  A water moccasin zombie (D:5)
  A wyvern skeleton (D:5)
  A centaur zombie (D:5)
  A gnoll shaman (D:5)
  An iguana (D:4)
  An orc wizard (D:5)
  A hell rat (D:5)
  A hound skeleton (D:4)
  5 adders
  3 gnolls
  2 howler monkey skeletons (D:5)
  7 river rats (D:5)
  3 worms
  2 dart slugs
  7 orcs
  5 ball pythons
  7 endoplasms
  3 giant cockroaches
  8 goblins
  8 hobgoblins
  4 jackals (D:2)
  3 quokkas
  8 bats
  3 frilled lizards
  6 kobolds
  A quokka skeleton (D:4)
  9 rats
104 creatures vanquished.

Notes
Turn   | Place    | Note
-------+----------+-------------------------------------------
     0 | D:1      | Delamore the Octopode Brigand began the quest for the Orb.
     0 | D:1      | Reached XP level 1. HP: 14/14 MP: 1/1
    89 | D:1      | Reached XP level 2. HP: 19/19 MP: 2/2
   474 | D:1      | Reached skill level 3 in Short Blades
   485 | D:1      | Reached XP level 3. HP: 24/24 MP: 3/3
  1419 | D:2      | Reached XP level 4. HP: 17/29 MP: 4/4
  1880 | D:2      | Reached skill level 4 in Short Blades
  2391 | D:3      | Reached XP level 5. HP: 34/34 MP: 5/5
  2391 | D:3      | Found Fiumpexesm's Armour Emporium.
  3299 | D:4      | Reached skill level 5 in Short Blades
  3299 | D:4      | Reached XP level 6. HP: 36/39 MP: 6/6
  4190 | D:5      | Entered Level 5 of the Dungeon
  4676 | D:5      | Reached skill level 6 in Short Blades
  4923 | D:5      | Reached XP level 7. HP: 25/45 MP: 7/7
  5760 | D:5      | Slain by a hell rat

Illustrated notes

Levels and vault maps discovered:
D:1:      dpeg_arrival_subterranean_lakeside_camping, layout_basic,
          minmay_indecisive_spiral
D:2:      wander_river, layout_rooms, st_stairs_3, kennysheep_nondescript,
          kennysheep_generic_room_8
D:3:      layout_loops_cross, serial_shops, nicolae_shop_trees
D:4:      layout_layer_cave, corexii_item_surrounded_by_moat
D:5:      wander_guarded_unrand_ratskin, layout_basic, hex_tiny, grunt_decor_cap

Skill      XL: |  1  2  3  4  5  6 |
---------------+-------------------+-----
Short Blades   | 3 4 5 6 |  6.7
Throwing       | 3 4 |  4.8
Fighting       | |  2.0
Dodging        | |  1.0
Stealth        | |  5.3

Action                   |  1- 3 |  4- 6 |  7- 9 || total
-------------------------+-------+-------+-------++-------
Melee: Dagger            |    86 |   115 |    56 ||   257
       Constrict         |    18 |    23 |     8 ||    49
       Tentacles         |    15 |    22 |     9 ||    46
Throw: Stone             |       |    30 |       ||    30
       Dart              |       |     5 |       ||     5
       Boomerang         |       |     4 |     1 ||     5
  Use: Scroll            |       |     4 |       ||     4
       Potion            |       |     1 |       ||     1
 Stab: Sleeping          |    10 |    15 |     3 ||    28
Armor: Skin              |     5 |     3 |       ||     8
Dodge: Dodged            |    41 |    51 |    19 ||   111
